Arrhythmia, chaotic female vampiric Convict --------- ###################)#%#%##############|....^...# # ---- #........|# # I ..| |>......|# # ..| ---------# ------ # .. # |....-########### .| # |...)| .| # |....| .| # |.<..+ .| #### ------ -.| #--------- |.| # #|.......| |.. #####+.......| - -----.| @# |.......| |......).######@@###........| +.......| |.......| -.....{.| --------- .........| ----------- Arrhythmia the Jail-bird Experience level: 8 Strength: 16 Dexterity: 13 Constitution: 19 Intelligence: 13 Wisdom: 7 Charisma: 8 Health: 0(89) Energy: 43(43) AC: 7 Gold: 0 Moves: 3307 Your Inventory: Armor b - a cursed +0 striped shirt (being worn) n - an [uncursed] +0 hard hat [dwarvish iron helm] (being worn) o - a cursed -1 hooded cloak [dwarvish] (being worn) q - an [uncursed] +0 pair of hard shoes [iron] (being worn) Tools f - an [uncursed] bag called sack [sack] Iron balls c - an [uncursed] heavy iron ball (chained to you) (weapon in hand) Contents of the sack: 532 gold pieces an [uncursed +0] T-shirt an [uncursed +0] dwarvish mithril-coat an [uncursed +0] mummy wrapping a [cursed] scroll labeled FNORD [of remove curse] an [uncursed] scroll labeled FOOBIE BLETCH [of identify] a [cursed] scroll labeled FOOBIE BLETCH [of identify] an [uncursed] scroll labeled LEP GEX VEN ZEA [of teleportation] an [uncursed] bubbly potion [of healing] an [uncursed] ruby potion [of sickness] an [uncursed] swirly potion [of restore ability] an [uncursed] wand of magic missile [0:5] an [uncursed] sack an [uncursed] skeleton key an [uncursed] green gem [worthless glass] an [uncursed] white gem [worthless glass] Spells known in the end: Name Level Category Fail Memory Your skills at the end: Fighting Skills Weapon Skills sling [Basic / Skilled] Spellcasting Skills Final Attributes: You were piously aligned. Hunger level was 316. Your alignment was 24 / 26. Monster difficulty range was 1 - 8. Level difficulty was 8. You were immune to poison. You were immune to level-drain. You were immune to sickness. You were punished. You could fly. You could survive without air. You regenerated. Your luck was zero. You are dead. Vanquished creatures: a leather golem 2 leprechauns a dingo a gnome mummy 4 human zombies a rock mole 2 shriekers 4 gnome lords a gnomish wizard 2 giant ants a floating eye 7 dwarves a kobold lord 3 rothes 5 dwarf zombies a wererat an iguana 3 hobbits a hobgoblin 3 giant rats a yellow mold a green mold 34 gnomes a gecko a jackal a fox a kobold 2 goblins 10 sewer rats 5 grid bugs a bat 2 lichens 5 newts 110 creatures vanquished. Voluntary challenges: You went without food. You were illiterate. You never hit with a wielded weapon. You put on armor 6 times. You never genocided any monsters. You never polymorphed an object. You never changed form. You used no wishes. You abstained from Elbereth's help. You never encountered a bones level. You never used any Sokoban shortcuts. Dungeon overview: The Dungeons of Doom: levels 1 to 4 Level 1 a long staircase Level 2 a general store, a fountain Level 3 a general store Level 4 some fountains stairs to The Gnomish Mines The Gnomish Mines: levels 5 to 8 Level 5 stairs to The Dungeons of Doom Level 8 <- You were here a fountain History has recorded: On T:1 you entered the Dungeons of Doom to retrieve the Amulet of Yendor! On T:677 you advanced to experience level 2. On T:709 you reached level 2 of The Dungeons of Doom. On T:848 you advanced to experience level 3. On T:1016 you advanced to experience level 4. On T:1125 you reached level 3 of The Dungeons of Doom. On T:1402 you reached level 4 of The Dungeons of Doom. On T:1605 you advanced to experience level 5. On T:1801 you reached level 1 of The Gnomish Mines. On T:1834 you advanced to experience level 6. On T:2025 you advanced to experience level 7. On T:2165 you reached level 2 of The Gnomish Mines. On T:2711 you reached level 3 of The Gnomish Mines. On T:2797 you advanced to experience level 8. On T:3183 you reached level 4 of The Gnomish Mines. Latest messages: The watch captain hits! [HP-19=50] You miss the watch captain. (2x) The watch captain swings his long sword. The watch captain hits! The watch captain swings his long sword. The watch captain hits! [HP-23=27] [HP+1=28] [HP+1=29] [HP+1=30] The watch captain swings his long sword. The watch captain hits! The watch captain swings his long sword. The watch captain hits! [HP-13=17] The watchman hits! [HP-7=10] You miss the watchman. (2x) The watch captain swings his long sword. The watch captain hits! You die... The sack is empty. Final status: Goodbye Arrhythmia the Convict... You died in The Gnomish Mines on dungeon level 8 with 4133 points, and 532 pieces of gold, after 3307 moves. You were level 8 with a maximum of 89 hit points when you died.